St.Louis Blues vs Philadelphia Flyers
(R1)
Created - Sunday, August 27, 2023 at 07:16
Goals
|
| St.Louis Blues |
2 |
2 |
2 |
6 |
| Philadelphia Flyers |
2 |
1 |
1 |
4 |
|
Shots
|
| St.Louis Blues |
13 |
15 |
12 |
40 |
| Philadelphia Flyers |
12 |
11 |
10 |
33 |
|
1st period
1. St.Louis Blues , Tage Thompson 2 (Elias Pettersson 2, Alex Pietrangelo 2) at 0:14
2. Philadelphia Flyers , Auston Matthews 2 (Max Pacioretty 1, Oliver Ekman-Larsson 1) at 0:32 (PP)
3. St.Louis Blues , Mark Stone 2 (Robert Thomas 2) at 4:21 (PP)
4. Philadelphia Flyers , Matt Duchene 1 (Elias Lindholm 3) at 4:45
Penalties :
Mikhail Sergachev (STL) for Holding (Minor) at 0:20, Artem Zub (PHI) for Elbowing (Minor) at 3:25, Jake Guentzel (STL) for Holding Stick (Minor) at 17:40
2nd period
5. St.Louis Blues , Jack Eichel 3 (Jake Guentzel 4, Mark Stone 2) at 4:18
6. Philadelphia Flyers , Auston Matthews 3 (Ben Chiarot 2, Nathan Bastian 1) at 7:15
7. St.Louis Blues , Robert Thomas 3 (Evander Kane 4, Lawson Crouse 3) at 14:19
Penalties :
Nathan Bastian (PHI) for Holding (Minor) at 14:22, Artem Zub (PHI) for Hooking (Minor) at 16:57
3rd period
8. Philadelphia Flyers , Vladimir Tarasenko 2 (Auston Matthews 2, Artem Zub 1) at 15:49
9. St.Louis Blues , Jack Eichel 4 (Mark Stone 3, Jake Guentzel 5) at 16:58
10. St.Louis Blues , Alex Pietrangelo 1 (Lawson Crouse 4, Robert Thomas 3) at 18:22 (Empty Net)
Penalties :
Vladimir Tarasenko (PHI) for Hooking (Minor) at 6:51, Yanni Gourde (STL) for Interference (Minor) at 8:58, Max Pacioretty (PHI) for Holding Stick (Minor) at 18:38
Goalie Stats
Connor Hellebuyck (STL), 29 saves from 33 shots - (0.879), W, 3-1-0, 60:00 minutes
Jake Allen (PHI), 34 saves from 39 shots - (0.872), L, 0-1-0, 59:43 minutes
Players Stats for St.Louis Blues
Player Name G A P +/- PIM S H SB GA TA FO MP PP MP PK MP
------------------------------------------------------------------------------------
Adam Pelech 0 0 0 0 0 1 3 0 0 0 0/0 16:15 0:00 2:05
Alex Pietrangelo 1 1 2 3 0 3 0 2 0 0 0/0 20:59 4:08 0:00
Alex Tuch 0 0 0 -1 0 0 2 0 1 1 0/2 19:05 4:08 0:00
Andrew Copp 0 0 0 -1 0 0 0 0 1 0 1/2 10:03 0:00 1:45
Colton Parayko 0 0 0 -1 0 0 1 0 0 2 0/0 18:27 0:00 2:05
Elias Pettersson 0 1 1 -1 0 5 2 0 0 1 10/18 19:14 4:08 0:09
Evander Kane 0 1 1 2 0 3 3 0 1 0 1/1 14:49 4:06 0:00
Jack Eichel 2 0 2 2 0 8 1 0 1 0 7/18 17:23 4:08 0:00
Jake Guentzel 0 2 2 2 2 2 2 0 0 0 2/5 17:30 4:08 0:00
Jake Sanderson 0 0 0 3 0 0 1 0 1 2 0/0 18:59 0:00 2:05
Jonas Brodin 0 0 0 0 0 1 0 0 0 0 0/0 16:25 0:00 2:05
Lawson Crouse 0 2 2 2 0 1 0 0 1 0 0/0 12:28 0:00 1:45
Mark Stone 1 2 3 2 0 2 0 0 0 0 1/2 17:09 4:06 0:00
Mikhail Sergachev 0 0 0 -1 2 4 0 2 0 0 0/0 20:25 4:06 0:00
Nico Sturm 0 0 0 -1 0 1 0 0 0 1 1/3 11:18 0:00 2:25
Robert Thomas 1 2 3 2 0 3 1 2 0 0 12/15 16:09 4:06 1:05
Tage Thompson 1 0 1 -1 0 3 0 0 1 0 0/1 19:06 4:06 0:00
Yanni Gourde 0 0 0 -1 2 3 0 0 1 1 0/0 10:03 0:00 1:11
Players Stats for Philadelphia Flyers
Player Name G A P +/- PIM S H SB GA TA FO MP PP MP PK MP
------------------------------------------------------------------------------------
Artem Zub 0 1 1 1 4 0 2 1 1 0 0/0 20:42 0:00 2:16
Auston Matthews 2 1 3 1 0 4 1 1 2 2 6/15 19:48 3:12 2:28
Ben Chiarot 0 1 1 1 0 1 1 4 0 0 0/0 22:49 0:00 4:55
Bryan Rust 0 0 0 0 0 3 3 0 0 1 0/1 10:22 0:57 2:28
Charles Hudon 0 0 0 0 0 1 1 0 1 0 3/4 6:56 0:00 0:00
Elias Lindholm 0 1 1 -1 0 1 2 1 1 0 15/28 18:33 0:57 4:42
Erik Gustafsson 0 0 0 -4 0 0 0 2 0 0 0/0 11:10 0:59 0:00
Jack McBain 0 0 0 -2 0 1 1 2 0 0 1/2 18:33 0:00 4:30
Jesper Fast 0 0 0 0 0 2 0 0 0 0 0/0 6:59 0:01 0:00
Justin Faulk 0 0 0 1 0 1 0 1 0 0 0/0 27:37 3:11 5:02
Juuso Parssinen 0 0 0 -2 0 5 0 1 0 0 6/15 15:08 0:01 1:29
Lukas Sedlak 0 0 0 -1 0 0 3 0 0 1 0/0 13:51 0:01 0:51
Matt Duchene 1 0 1 -1 0 1 2 0 2 1 0/0 15:34 3:12 0:00
Matt Roy 0 0 0 -4 0 0 0 0 0 1 0/0 15:45 0:59 3:35
Max Pacioretty 0 1 1 -2 2 7 1 0 1 0 1/2 16:11 3:12 0:00
Nathan Bastian 0 1 1 1 2 2 1 0 0 1 0/0 14:12 0:00 0:00
Oliver Ekman-Larsson 0 1 1 1 0 2 2 2 0 1 0/0 22:22 3:11 0:40
Vladimir Tarasenko 1 0 1 1 2 2 0 0 0 0 0/0 15:09 0:57 0:00
3 Stars
1 - Robert Thomas (STL)
2 - Jack Eichel (STL)
3 - Auston Matthews (PHI)
Power Play
St.Louis Blues - 1 on 5 Attempt(s) - 20.00%
Philadelphia Flyers - 1 on 3 Attempt(s) - 33.33%
Penalty Kill
St.Louis Blues - 2 on 3 Attempt(s) - 66.67%
- Score 0 goal in Penalty Kill
Philadelphia Flyers - 4 on 5 Attempt(s) - 80.00%
- Score 0 goal in Penalty Kill
Team Stat
St.Louis Blues - Hits : 16 - Faceoff Wins : 35 - Blocked Shots : 6 - Penalty Minutes : 6
Philadelphia Flyers - Hits : 20 - Faceoff Wins : 32 - Blocked Shots : 15 - Penalty Minutes : 10
Official
Referees : Francois StLaurent and Garrett Rank
Linesman : Shandor Alphonso and Don Henderson
Game Notes
14:00 of 1st period - Philadelphia Flyers goal is going for a video replay. After video review, No Goal. The puck has been directed, batted or thrown into the net by an attacking player other than with a stick.
Alex Pietrangelo has scored in a empty net!
Finance
Level 1 -- Attendance: 5131 (85.52%) -- Ticket Income $497,707
Level 2 -- Attendance: 4536 (90.72%) -- Ticket Income $258,552
Level 3 -- Attendance: 2713 (90.43%) -- Ticket Income $92,242
Level 4 -- Attendance: 5000 (100.00%) -- Ticket Income $115,000
Luxury Box -- Attendance: 982 (98.20%) -- Ticket Income $191,490
Game was played at the Wells Fargo Center.
Total Attendance: 18362 (91.81%)
Total Ticket Income: $1,154,991
Other Income: $404,247
Total Income: $1,559,238
St.Louis Blues
5 vs 5 Forward
Center Left Wing Right Wing Time % Phy DF OF
1 Elias Pettersson Alex Tuch Tage Thompson 35 0 2 3
2 Jack Eichel Jake Guentzel Mark Stone 30 0 2 3
3 Robert Thomas Evander Kane Lawson Crouse 25 1 2 2
4 Nico Sturm Andrew Copp Yanni Gourde 10 1 2 2
5 vs 5 Defense
Defense Defense Time % Phy DF OF
1 Jake Sanderson Alex Pietrangelo 35 1 2 2
2 Mikhail Sergachev Colton Parayko 35 1 2 2
3 Jonas Brodin Adam Pelech 30 1 2 2
4 Jake Sanderson Alex Pietrangelo 0 1 2 2
PowerPlay Forward
Center Left Wing Right Wing Time % Phy DF OF
1 Elias Pettersson Alex Tuch Jake Guentzel 50 1 0 4
2 Robert Thomas Mark Stone Evander Kane 50 1 0 4
PowerPlay Defense
Defense Defense Time % Phy DF OF
1 Tage Thompson Mikhail Sergachev 50 0 1 4
2 Jack Eichel Alex Pietrangelo 50 0 1 4
Penalty Kill 4 Players Forward
Center Wing Time % Phy DF OF
1 Nico Sturm Yanni Gourde 50 1 4 0
2 Andrew Copp Lawson Crouse 50 1 4 0
Penalty Kill 4 Players Defense
Defense Defense Time % Phy DF OF
1 Adam Pelech Colton Parayko 50 1 4 0
2 Jake Sanderson Jonas Brodin 50 1 4 0
Penalty Kill - 3 Players Forward
Forward Time % Phy DF OF
1 Nico Sturm 50 0 5 0
2 Andrew Copp 50 0 5 0
Penalty Kill - 3 Players Defense
Defense Defense Time % Phy DF OF
1 Adam Pelech Colton Parayko 50 0 5 0
2 Jake Sanderson Jonas Brodin 50 0 5 0
4 vs 4 Forward
Center Wing Time % Phy DF OF
1 Elias Pettersson Tage Thompson 50 0 2 3
2 Jack Eichel Alex Tuch 50 0 2 3
4 vs 4 Defense
Defense Defense Time % Phy DF OF
1 Jake Sanderson Alex Pietrangelo 50 0 3 2
2 Mikhail Sergachev Colton Parayko 50 0 3 2
Last Minutes Offensive
Center Left Wing Right Wing Defense Defense
Elias Pettersson Alex Tuch Tage Thompson Mikhail Sergachev Jake Guentzel
Last Minutes Defensive
Center Left Wing Right Wing Defense Defense
Nico Sturm Andrew Copp Yanni Gourde Jake Sanderson Colton Parayko
Goaltenders
Starting : Connor Hellebuyck
Backup : Scott Wedgewood
Extra Forwards
Normal : Jack Eichel, Mark Stone, Robert Thomas - PP : Mark Stone, Lawson Crouse - PK : Robert Thomas
Extra Defensemen
Normal : Colton Parayko, Adam Pelech, Mikhail Sergachev - PP : Jake Sanderson - PK : Alex Pietrangelo, Mikhail Sergachev
Penalty Shots
Elias Pettersson, Tage Thompson, Alex Tuch, Jack Eichel, Mark Stone
Philadelphia Flyers
5 vs 5 Forward
Center Left Wing Right Wing Time % Phy DF OF
1 Auston Matthews Vladimir Tarasenko Nathan Bastian 30 1 2 2
2 Elias Lindholm Matt Duchene Lukas Sedlak 30 1 2 2
3 Juuso Parssinen Max Pacioretty Jack McBain 30 1 2 2
4 Charles Hudon Bryan Rust Jesper Fast 10 1 2 2
5 vs 5 Defense
Defense Defense Time % Phy DF OF
1 Justin Faulk Ben Chiarot 40 1 2 2
2 Oliver Ekman-Larsson Artem Zub 40 1 2 2
3 Erik Gustafsson Matt Roy 20 1 2 2
4 Justin Faulk Ben Chiarot 0 1 2 2
PowerPlay Forward
Center Left Wing Right Wing Time % Phy DF OF
1 Auston Matthews Max Pacioretty Matt Duchene 55 0 1 4
2 Elias Lindholm Vladimir Tarasenko Bryan Rust 45 0 1 4
PowerPlay Defense
Defense Defense Time % Phy DF OF
1 Justin Faulk Oliver Ekman-Larsson 60 1 1 3
2 Erik Gustafsson Matt Roy 40 1 1 3
Penalty Kill 4 Players Forward
Center Wing Time % Phy DF OF
1 Elias Lindholm Jack McBain 60 1 3 1
2 Auston Matthews Bryan Rust 40 1 3 1
Penalty Kill 4 Players Defense
Defense Defense Time % Phy DF OF
1 Justin Faulk Ben Chiarot 55 1 4 0
2 Artem Zub Matt Roy 45 1 4 0
Penalty Kill - 3 Players Forward
Forward Time % Phy DF OF
1 Jack McBain 55 0 4 1
2 Elias Lindholm 45 0 4 1
Penalty Kill - 3 Players Defense
Defense Defense Time % Phy DF OF
1 Justin Faulk Ben Chiarot 55 1 4 0
2 Artem Zub Matt Roy 45 1 4 0
4 vs 4 Forward
Center Wing Time % Phy DF OF
1 Auston Matthews Matt Duchene 50 1 2 2
2 Elias Lindholm Max Pacioretty 50 1 2 2
4 vs 4 Defense
Defense Defense Time % Phy DF OF
1 Justin Faulk Ben Chiarot 50 1 2 2
2 Oliver Ekman-Larsson Artem Zub 50 1 2 2
Last Minutes Offensive
Center Left Wing Right Wing Defense Defense
Auston Matthews Max Pacioretty Matt Duchene Justin Faulk Oliver Ekman-Larsson
Last Minutes Defensive
Center Left Wing Right Wing Defense Defense
Elias Lindholm Jack McBain Bryan Rust Ben Chiarot Matt Roy
Goaltenders
Starting : Jake Allen
Backup : Connor Ingram
Extra Forwards
Normal : Auston Matthews, Elias Lindholm, Matt Duchene - PP : Auston Matthews, Elias Lindholm - PK : Elias Lindholm
Extra Defensemen
Normal : Justin Faulk, Oliver Ekman-Larsson, Erik Gustafsson - PP : Justin Faulk - PK : Ben Chiarot, Matt Roy
Penalty Shots
Auston Matthews, Elias Lindholm, Bryan Rust, Matt Duchene, Vladimir Tarasenko
% Time on Ice - St.Louis Blues
Lines # - Real PCT - Wanted PCT - Time Play
Normal Forward
1 - 33% - 35% - 15:32
2 - 27% - 30% - 13:03
3 - 23% - 25% - 10:43
4 - 17% - 10% - 8:18
Normal Defense
1 - 35% - 35% - 16:47
2 - 35% - 35% - 16:44
3 - 30% - 30% - 14:05
4 - 0% - 0% - 0:00
PP Forward
1 - 50% - 50% - 4:08
2 - 50% - 50% - 4:06
PP Defense
1 - 50% - 50% - 4:06
2 - 50% - 50% - 4:08
PK Forward
1 - 58% - 50% - 2:25
2 - 42% - 50% - 1:45
PK Defense
1 - 50% - 50% - 2:05
2 - 50% - 50% - 2:05
PK3 Forward
1 - 0% - 50%
2 - 0% - 50%
PK3 Defense
1 - 0% - 50%
2 - 0% - 50%
44 Forward
1 - 0% - 50%
2 - 0% - 50%
44 Defense
1 - 0% - 50%
2 - 0% - 50%
Last Minute Offensive - 0:00
Last Minute Defensive - 0:00
Total
Forward - 60:00
Defense - 60:00
|
% Time on Ice - Philadelphia Flyers
Lines # - Real PCT - Wanted PCT - Time Play
Normal Forward
1 - 31% - 30% - 14:57
2 - 25% - 30% - 12:08
3 - 29% - 30% - 13:35
4 - 15% - 10% - 6:56
Normal Defense
1 - 39% - 40% - 18:27
2 - 40% - 40% - 18:58
3 - 21% - 20% - 10:11
4 - 0% - 0% - 0:00
PP Forward
1 - 77% - 55% - 3:13
2 - 23% - 45% - 0:57
PP Defense
1 - 76% - 60% - 3:11
2 - 24% - 40% - 0:59
PK Forward
1 - 70% - 60% - 5:46
2 - 30% - 40% - 2:28
PK Defense
1 - 56% - 55% - 4:39
2 - 44% - 45% - 3:35
PK3 Forward
1 - 0% - 55%
2 - 0% - 45%
PK3 Defense
1 - 0% - 55%
2 - 0% - 45%
44 Forward
1 - 0% - 50%
2 - 0% - 50%
44 Defense
1 - 0% - 50%
2 - 0% - 50%
Last Minute Offensive - 0:00
Last Minute Defensive - 0:00
Total
Forward - 60:00
Defense - 60:00
|
Play-by-Play
1st period
0:01 of 1st period - Auston Matthews wins face-off versus Tage Thompson in neutral zone.
0:14 of 1st period - Slapshot by Tage Thompson.
0:14 of 1st period - Goal by Tage Thompson - St.Louis Blues : 1 - Philadelphia Flyers : 0.
0:15 of 1st period - Elias Lindholm wins face-off versus Jack Eichel in neutral zone.
0:18 of 1st period - Snap shot by Matt Duchene.
0:18 of 1st period - Shot Misses the Net.
0:20 of 1st period - Minor Penalty to Mikhail Sergachev for Holding.
0:21 of 1st period - Auston Matthews wins face-off versus Nico Sturm in St.Louis Blues zone.
0:26 of 1st period - Snap shot by Auston Matthews.
0:26 of 1st period - Shot Misses the Net.
0:28 of 1st period - Snap shot by Oliver Ekman-Larsson.
0:28 of 1st period - Deflect By Adam Pelech.
0:28 of 1st period - Stopped by Connor Hellebuyck with a rebound.
0:30 of 1st period - Snap shot by Max Pacioretty.
0:30 of 1st period - Stopped by Connor Hellebuyck with a rebound.
0:32 of 1st period - Wrist shot by Auston Matthews.
0:32 of 1st period - Goal by Auston Matthews - St.Louis Blues : 1 - Philadelphia Flyers : 1.
0:33 of 1st period - Juuso Parssinen wins face-off versus Robert Thomas in neutral zone.
0:48 of 1st period - Wrist shot by Juuso Parssinen.
0:48 of 1st period - Stopped by Connor Hellebuyck with a rebound.
1:09 of 1st period - Wrist shot by Jack Eichel.
1:09 of 1st period - Shot Blocked by Oliver Ekman-Larsson.
1:48 of 1st period - Slapshot by Elias Pettersson.
1:48 of 1st period - Shot Misses the Net.
2:15 of 1st period - Wrist shot by Evander Kane.
2:15 of 1st period - Stopped by Jake Allen without a rebound.
2:16 of 1st period - Elias Lindholm wins face-off versus Jake Guentzel in Philadelphia Flyers zone.
2:48 of 1st period - Snap shot by Vladimir Tarasenko.
2:48 of 1st period - Shot Blocked by Mikhail Sergachev.
2:50 of 1st period - Snap shot by Nathan Bastian.
2:50 of 1st period - Stopped by Connor Hellebuyck without a rebound.
2:51 of 1st period - Jack McBain wins face-off versus Jake Guentzel in St.Louis Blues zone.
3:04 of 1st period - Wrist shot by Max Pacioretty.
3:04 of 1st period - Stopped by Connor Hellebuyck with a rebound.
3:25 of 1st period - Minor Penalty to Artem Zub for Elbowing.
3:26 of 1st period - Elias Lindholm wins face-off versus Elias Pettersson in Philadelphia Flyers zone.
3:33 of 1st period - Snap shot by Jake Guentzel.
3:33 of 1st period - Stopped by Jake Allen with a rebound.
3:35 of 1st period - Wrist shot by Tage Thompson.
3:35 of 1st period - Stopped by Jake Allen without a rebound.
3:36 of 1st period - Elias Lindholm wins face-off versus Elias Pettersson in Philadelphia Flyers zone.
4:05 of 1st period - Wrist shot by Elias Pettersson.
4:05 of 1st period - Stopped by Jake Allen without a rebound.
4:06 of 1st period - Robert Thomas wins face-off versus Auston Matthews in Philadelphia Flyers zone.
4:07 of 1st period - Slapshot by Jack Eichel.
4:07 of 1st period - Deflect By Mark Stone.
4:07 of 1st period - Shot Misses the Net.
4:07 of 1st period - Puck is out of play.
4:08 of 1st period - Robert Thomas wins face-off versus Auston Matthews in Philadelphia Flyers zone.
4:15 of 1st period - Snap shot by Mark Stone.
4:15 of 1st period - Deflect By Robert Thomas.
4:15 of 1st period - Shot Misses the Net.
4:15 of 1st period - Puck is out of play.
4:16 of 1st period - Robert Thomas wins face-off versus Bryan Rust in Philadelphia Flyers zone.
4:19 of 1st period - Wrist shot by Robert Thomas.
4:19 of 1st period - Shot Misses the Net.
4:21 of 1st period - Snap shot by Mark Stone.
4:21 of 1st period - Goal by Mark Stone - St.Louis Blues : 2 - Philadelphia Flyers : 1.
4:22 of 1st period - Robert Thomas wins face-off versus Auston Matthews in neutral zone.
4:39 of 1st period - Wrist shot by Evander Kane.
4:39 of 1st period - Stopped by Jake Allen without a rebound.
4:40 of 1st period - Elias Lindholm wins face-off versus Alex Tuch in Philadelphia Flyers zone.
4:45 of 1st period - Snap shot by Matt Duchene.
4:45 of 1st period - Goal by Matt Duchene - St.Louis Blues : 2 - Philadelphia Flyers : 2.
4:46 of 1st period - Elias Pettersson wins face-off versus Elias Lindholm in neutral zone.
5:01 of 1st period - Snap shot by Elias Pettersson.
5:01 of 1st period - Stopped by Jake Allen without a rebound.
5:02 of 1st period - Juuso Parssinen wins face-off versus Jake Guentzel in Philadelphia Flyers zone.
6:21 of 1st period - Wrist shot by Yanni Gourde.
6:21 of 1st period - Stopped by Jake Allen with a rebound.
6:40 of 1st period - Snap shot by Auston Matthews.
6:40 of 1st period - Shot Misses the Net.
6:52 of 1st period - Snap shot by Lawson Crouse.
6:52 of 1st period - Shot Blocked by Erik Gustafsson.
7:59 of 1st period - Off-side.
8:00 of 1st period - Elias Lindholm wins face-off versus Elias Pettersson in neutral zone.
8:30 of 1st period - Ben Chiarot is hit by Elias Pettersson.
9:14 of 1st period - Wrist shot by Jesper Fast.
9:14 of 1st period - Stopped by Connor Hellebuyck without a rebound.
9:15 of 1st period - Robert Thomas wins face-off versus Elias Lindholm in St.Louis Blues zone.
9:46 of 1st period - Matt Roy is hit by Evander Kane and loses puck.
10:11 of 1st period - Off-side.
10:12 of 1st period - Auston Matthews wins face-off versus Mark Stone in neutral zone.
10:31 of 1st period - Colton Parayko is hit by Nathan Bastian and loses puck.
12:14 of 1st period - Alex Pietrangelo is hit by Charles Hudon and loses puck.
13:38 of 1st period - Slapshot by Mark Stone.
13:38 of 1st period - Shot Misses the Net.
13:40 of 1st period - Slapshot by Jack Eichel.
13:40 of 1st period - Stopped by Jake Allen with a rebound.
13:58 of 1st period - Snap shot by Max Pacioretty.
13:58 of 1st period - Shot Misses the Net.
14:00 of 1st period - Slapshot by Juuso Parssinen.
14:00 of 1st period - Philadelphia Flyers goal is going for a video replay.
14:00 of 1st period - The goal is refused. The puck has been directed, batted or thrown into the net by an attacking player other than with a stick..
14:01 of 1st period - Juuso Parssinen wins face-off versus Elias Pettersson in St.Louis Blues zone.
14:10 of 1st period - Snap shot by Juuso Parssinen.
14:10 of 1st period - Stopped by Connor Hellebuyck without a rebound.
14:11 of 1st period - Elias Pettersson wins face-off versus Auston Matthews in St.Louis Blues zone.
14:20 of 1st period - Snap shot by Elias Pettersson.
14:20 of 1st period - Shot Blocked by Justin Faulk.
14:22 of 1st period - Snap shot by Elias Pettersson.
14:22 of 1st period - Shot Blocked by Auston Matthews.
14:24 of 1st period - Wrist shot by Alex Tuch.
14:24 of 1st period - Shot Blocked by Ben Chiarot.
14:26 of 1st period - Slapshot by Mikhail Sergachev.
14:26 of 1st period - Stopped by Jake Allen with a rebound.
14:28 of 1st period - Slapshot by Mikhail Sergachev.
14:28 of 1st period - Stopped by Jake Allen with a rebound.
14:30 of 1st period - Slapshot by Colton Parayko.
14:30 of 1st period - Shot Misses the Net.
15:16 of 1st period - Snap shot by Tage Thompson.
15:16 of 1st period - Shot Misses the Net.
15:18 of 1st period - Snap shot by Tage Thompson.
15:18 of 1st period - Shot Misses the Net.
15:52 of 1st period - Wrist shot by Elias Pettersson.
15:52 of 1st period - Stopped by Jake Allen without a rebound.
15:53 of 1st period - Elias Lindholm wins face-off versus Jack Eichel in Philadelphia Flyers zone.
16:33 of 1st period - Snap shot by Elias Lindholm.
16:33 of 1st period - Shot Misses the Net.
16:35 of 1st period - Wrist shot by Elias Lindholm.
16:35 of 1st period - Stopped by Connor Hellebuyck without a rebound.
16:36 of 1st period - Jack Eichel wins face-off versus Juuso Parssinen in St.Louis Blues zone.
16:36 of 1st period - Jack Eichel is hit by Max Pacioretty.
16:44 of 1st period - Matt Roy is hit by Jake Guentzel and loses puck.
17:01 of 1st period - Bryan Rust is hit by Evander Kane and loses puck.
17:08 of 1st period - Wrist shot by Bryan Rust.
17:08 of 1st period - Stopped by Connor Hellebuyck with a rebound.
17:20 of 1st period - Jake Sanderson is hit by Oliver Ekman-Larsson and loses puck.
17:40 of 1st period - Minor Penalty to Jake Guentzel for Holding Stick.
17:41 of 1st period - Max Pacioretty wins face-off versus Andrew Copp in St.Louis Blues zone.
17:49 of 1st period - Matt Duchene is hit by Adam Pelech and loses puck.
18:08 of 1st period - Yanni Gourde is hit by Elias Lindholm and loses puck.
19:40 of 1st period - Penalty to Jake Guentzel is over, Jake Guentzel is back on ice.
19:56 of 1st period - Nico Sturm is hit by Lukas Sedlak and loses puck.
Goals for this period are 2 for St.Louis Blues vs 2 for Philadelphia Flyers.
Shots for this period are 13 for St.Louis Blues vs 12 for Philadelphia Flyers.
2nd period
0:01 of 2nd period - Elias Lindholm wins face-off versus Jack Eichel in neutral zone.
2:51 of 2nd period - Wrist shot by Evander Kane.
2:51 of 2nd period - Shot Misses the Net.
3:01 of 2nd period - Wrist shot by Max Pacioretty.
3:01 of 2nd period - Stopped by Connor Hellebuyck with a rebound.
3:03 of 2nd period - Slapshot by Oliver Ekman-Larsson.
3:03 of 2nd period - Shot Blocked by Alex Pietrangelo.
3:05 of 2nd period - Wrist shot by Max Pacioretty.
3:05 of 2nd period - Stopped by Connor Hellebuyck without a rebound.
3:06 of 2nd period - Jake Guentzel wins face-off versus Elias Lindholm in St.Louis Blues zone.
3:06 of 2nd period - Jake Guentzel is hit by Elias Lindholm.
3:49 of 2nd period - Nico Sturm is hit by Auston Matthews and loses puck.
4:06 of 2nd period - Snap shot by Yanni Gourde.
4:06 of 2nd period - Stopped by Jake Allen without a rebound.
4:07 of 2nd period - Elias Lindholm wins face-off versus Jack Eichel in Philadelphia Flyers zone.
4:16 of 2nd period - Wrist shot by Jake Guentzel.
4:16 of 2nd period - Shot Misses the Net.
4:18 of 2nd period - Wrist shot by Jack Eichel.
4:18 of 2nd period - Goal by Jack Eichel - St.Louis Blues : 3 - Philadelphia Flyers : 2.
4:19 of 2nd period - Elias Lindholm wins face-off versus Jack Eichel in neutral zone.
4:45 of 2nd period - Matt Roy is hit by Adam Pelech and loses puck.
5:07 of 2nd period - Off-side.
5:08 of 2nd period - Robert Thomas wins face-off versus Auston Matthews in neutral zone.
5:11 of 2nd period - Backhand shot by Jonas Brodin.
5:11 of 2nd period - Shot Misses the Net.
5:13 of 2nd period - Slapshot by Adam Pelech.
5:13 of 2nd period - Shot Hit the Post.
5:15 of 2nd period - Snap shot by Evander Kane.
5:15 of 2nd period - Stopped by Jake Allen without a rebound.
5:16 of 2nd period - Jack Eichel wins face-off versus Elias Lindholm in Philadelphia Flyers zone.
6:51 of 2nd period - Lukas Sedlak is hit by Colton Parayko.
7:09 of 2nd period - Slapshot by Auston Matthews.
7:09 of 2nd period - Shot Misses the Net.
7:11 of 2nd period - Wrist shot by Nathan Bastian.
7:11 of 2nd period - Stopped by Connor Hellebuyck with a rebound.
7:13 of 2nd period - Slapshot by Ben Chiarot.
7:13 of 2nd period - Shot Misses the Net.
7:15 of 2nd period - Snap shot by Auston Matthews.
7:15 of 2nd period - Goal by Auston Matthews - St.Louis Blues : 3 - Philadelphia Flyers : 3.
7:16 of 2nd period - Jack Eichel wins face-off versus Elias Lindholm in neutral zone.
7:27 of 2nd period - Backhand shot by Jack Eichel.
7:27 of 2nd period - Shot Blocked by Oliver Ekman-Larsson.
7:33 of 2nd period - Snap shot by Jake Guentzel.
7:33 of 2nd period - Shot Misses the Net.
7:43 of 2nd period - Tage Thompson is hit by Oliver Ekman-Larsson and loses puck.
7:50 of 2nd period - Slapshot by Max Pacioretty.
7:50 of 2nd period - Stopped by Connor Hellebuyck with a rebound.
7:52 of 2nd period - Wrist shot by Jack McBain.
7:52 of 2nd period - Shot Misses the Net.
7:54 of 2nd period - Snap shot by Jack McBain.
7:54 of 2nd period - Stopped by Connor Hellebuyck with a rebound.
8:14 of 2nd period - Wrist shot by Robert Thomas.
8:14 of 2nd period - Shot Misses the Net.
8:16 of 2nd period - Snap shot by Lawson Crouse.
8:16 of 2nd period - Shot Misses the Net.
8:18 of 2nd period - Snap shot by Lawson Crouse.
8:18 of 2nd period - Shot Misses the Net.
8:20 of 2nd period - Wrist shot by Lawson Crouse.
8:20 of 2nd period - Deflect By Robert Thomas.
8:20 of 2nd period - Shot Misses the Net.
8:20 of 2nd period - Puck is out of play.
8:21 of 2nd period - Jack Eichel wins face-off versus Jack McBain in Philadelphia Flyers zone.
8:24 of 2nd period - Wrist shot by Jack Eichel.
8:24 of 2nd period - Stopped by Jake Allen with a rebound.
8:26 of 2nd period - Slapshot by Colton Parayko.
8:26 of 2nd period - Deflect By Jake Guentzel.
8:26 of 2nd period - Stopped by Jake Allen without a rebound.
8:27 of 2nd period - Juuso Parssinen wins face-off versus Jack Eichel in Philadelphia Flyers zone.
8:34 of 2nd period - Snap shot by Juuso Parssinen.
8:34 of 2nd period - Stopped by Connor Hellebuyck without a rebound.
8:35 of 2nd period - Elias Pettersson wins face-off versus Elias Lindholm in St.Louis Blues zone.
8:39 of 2nd period - Off-side.
8:40 of 2nd period - Elias Pettersson wins face-off versus Elias Lindholm in neutral zone.
8:43 of 2nd period - Slapshot by Colton Parayko.
8:43 of 2nd period - Deflect By Alex Tuch.
8:43 of 2nd period - Shot Blocked by Ben Chiarot.
8:43 of 2nd period - Puck is out of play.
8:44 of 2nd period - Elias Lindholm wins face-off versus Alex Tuch in Philadelphia Flyers zone.
8:51 of 2nd period - Slapshot by Elias Pettersson.
8:51 of 2nd period - Stopped by Jake Allen with a rebound.
8:53 of 2nd period - Snap shot by Alex Tuch.
8:53 of 2nd period - Shot Misses the Net.
8:55 of 2nd period - Snap shot by Elias Pettersson.
8:55 of 2nd period - Shot Misses the Net.
9:17 of 2nd period - Wrist shot by Elias Pettersson.
9:17 of 2nd period - Stopped by Jake Allen with a rebound.
9:19 of 2nd period - Snap shot by Elias Pettersson.
9:19 of 2nd period - Shot Blocked by Ben Chiarot.
9:21 of 2nd period - Wrist shot by Tage Thompson.
9:21 of 2nd period - Stopped by Jake Allen without a rebound.
9:22 of 2nd period - Auston Matthews wins face-off versus Jack Eichel in Philadelphia Flyers zone.
9:29 of 2nd period - Snap shot by Jack Eichel.
9:29 of 2nd period - Stopped by Jake Allen with a rebound.
9:31 of 2nd period - Slapshot by Jonas Brodin.
9:31 of 2nd period - Stopped by Jake Allen with a rebound.
9:33 of 2nd period - Snap shot by Jack Eichel.
9:33 of 2nd period - Shot Misses the Net.
9:49 of 2nd period - Adam Pelech is hit by Artem Zub and loses puck.
11:18 of 2nd period - Wrist shot by Auston Matthews.
11:18 of 2nd period - Stopped by Connor Hellebuyck with a rebound.
11:59 of 2nd period - Jake Sanderson is hit by Lukas Sedlak and loses puck.
12:06 of 2nd period - Slapshot by Alex Pietrangelo.
12:06 of 2nd period - Stopped by Jake Allen without a rebound.
12:07 of 2nd period - Jack Eichel wins face-off versus Juuso Parssinen in Philadelphia Flyers zone.
13:05 of 2nd period - Off-side.
13:06 of 2nd period - Juuso Parssinen wins face-off versus Jack Eichel in neutral zone.
13:14 of 2nd period - Off-side.
13:15 of 2nd period - Juuso Parssinen wins face-off versus Jack Eichel in neutral zone.
13:18 of 2nd period - Slapshot by Oliver Ekman-Larsson.
13:18 of 2nd period - Stopped by Connor Hellebuyck with a rebound.
13:24 of 2nd period - Slapshot by Mikhail Sergachev.
13:24 of 2nd period - Stopped by Jake Allen without a rebound.
13:25 of 2nd period - Elias Pettersson wins face-off versus Auston Matthews in Philadelphia Flyers zone.
13:26 of 2nd period - Wrist shot by Alex Tuch.
13:26 of 2nd period - Shot Misses the Net.
13:57 of 2nd period - Snap shot by Mikhail Sergachev.
13:57 of 2nd period - Shot Blocked by Juuso Parssinen.
14:13 of 2nd period - Wrist shot by Mikhail Sergachev.
14:13 of 2nd period - Deflect By Elias Lindholm.
14:13 of 2nd period - Stopped by Jake Allen with a rebound.
14:15 of 2nd period - Wrist shot by Lawson Crouse.
14:15 of 2nd period - Stopped by Jake Allen with a rebound.
14:17 of 2nd period - Slapshot by Evander Kane.
14:17 of 2nd period - Shot Blocked by Erik Gustafsson.
14:19 of 2nd period - Wrist shot by Robert Thomas.
14:19 of 2nd period - Goal by Robert Thomas - St.Louis Blues : 4 - Philadelphia Flyers : 3.
14:20 of 2nd period - Auston Matthews wins face-off versus Elias Pettersson in neutral zone.
14:22 of 2nd period - Minor Penalty to Nathan Bastian for Holding.
14:23 of 2nd period - Robert Thomas wins face-off versus Elias Lindholm in Philadelphia Flyers zone.
15:52 of 2nd period - Wrist shot by Bryan Rust.
15:52 of 2nd period - Stopped by Connor Hellebuyck without a rebound.
15:53 of 2nd period - Mark Stone wins face-off versus Elias Lindholm in St.Louis Blues zone.
15:58 of 2nd period - Ben Chiarot is hit by Jack Eichel and loses puck.
16:22 of 2nd period - Penalty to Nathan Bastian is over, Nathan Bastian is back on ice.
16:28 of 2nd period - Wrist shot by Andrew Copp.
16:28 of 2nd period - Shot Misses the Net.
16:57 of 2nd period - Minor Penalty to Artem Zub for Hooking.
16:58 of 2nd period - Elias Lindholm wins face-off versus Robert Thomas in Philadelphia Flyers zone.
18:25 of 2nd period - Matt Roy is hit by Alex Tuch and loses puck.
18:40 of 2nd period - Evander Kane is hit by Bryan Rust and loses puck.
18:57 of 2nd period - Penalty to Artem Zub is over, Artem Zub is back on ice.
19:13 of 2nd period - Wrist shot by Yanni Gourde.
19:13 of 2nd period - Shot Misses the Net.
19:55 of 2nd period - Snap shot by Vladimir Tarasenko.
19:55 of 2nd period - Stopped by Connor Hellebuyck without a rebound.
19:56 of 2nd period - Elias Pettersson wins face-off versus Auston Matthews in St.Louis Blues zone.
Goals for this period are 2 for St.Louis Blues vs 1 for Philadelphia Flyers.
Shots for this period are 15 for St.Louis Blues vs 11 for Philadelphia Flyers.
3rd period
0:01 of 3rd period - Elias Pettersson wins face-off versus Elias Lindholm in neutral zone.
0:01 of 3rd period - Colton Parayko is hit by Matt Duchene and loses puck.
0:48 of 3rd period - Jake Sanderson is hit by Bryan Rust and loses puck.
1:09 of 3rd period - Snap shot by Nico Sturm.
1:09 of 3rd period - Shot Blocked by Elias Lindholm.
1:11 of 3rd period - Slapshot by Jonas Brodin.
1:11 of 3rd period - Shot Misses the Net.
1:13 of 3rd period - Wrist shot by Yanni Gourde.
1:13 of 3rd period - Shot Misses the Net.
1:27 of 3rd period - Snap shot by Auston Matthews.
1:27 of 3rd period - Stopped by Connor Hellebuyck without a rebound.
1:28 of 3rd period - Auston Matthews wins face-off versus Elias Pettersson in St.Louis Blues zone.
1:41 of 3rd period - Snap shot by Alex Tuch.
1:41 of 3rd period - Shot Misses the Net.
2:07 of 3rd period - Max Pacioretty is hit by Jake Guentzel and loses puck.
2:48 of 3rd period - Nico Sturm is hit by Bryan Rust and loses puck.
3:39 of 3rd period - Snap shot by Max Pacioretty.
3:39 of 3rd period - Stopped by Connor Hellebuyck without a rebound.
3:40 of 3rd period - Robert Thomas wins face-off versus Elias Lindholm in St.Louis Blues zone.
3:40 of 3rd period - Robert Thomas is hit by Lukas Sedlak.
4:06 of 3rd period - Juuso Parssinen is hit by Elias Pettersson and loses puck.
4:35 of 3rd period - Wrist shot by Jack Eichel.
4:35 of 3rd period - Shot Misses the Net.
4:37 of 3rd period - Slapshot by Adam Pelech.
4:37 of 3rd period - Stopped by Jake Allen without a rebound.
4:38 of 3rd period - Elias Pettersson wins face-off versus Max Pacioretty in Philadelphia Flyers zone.
5:05 of 3rd period - Wrist shot by Jake Guentzel.
5:05 of 3rd period - Shot Misses the Net.
5:09 of 3rd period - Snap shot by Jack Eichel.
5:09 of 3rd period - Stopped by Jake Allen without a rebound.
5:10 of 3rd period - Jack Eichel wins face-off versus Elias Lindholm in Philadelphia Flyers zone.
5:21 of 3rd period - Slapshot by Jake Guentzel.
5:21 of 3rd period - Deflect By Jack Eichel.
5:21 of 3rd period - Shot Blocked by Artem Zub.
5:21 of 3rd period - Puck is out of play.
5:22 of 3rd period - Elias Pettersson wins face-off versus Juuso Parssinen in Philadelphia Flyers zone.
5:36 of 3rd period - Off-side.
5:37 of 3rd period - Elias Lindholm wins face-off versus Jack Eichel in neutral zone.
5:39 of 3rd period - Oliver Ekman-Larsson is hit by Jake Sanderson and loses puck.
6:49 of 3rd period - Wrist shot by Robert Thomas.
6:49 of 3rd period - Stopped by Jake Allen with a rebound.
6:51 of 3rd period - Minor Penalty to Vladimir Tarasenko for Hooking.
6:52 of 3rd period - Evander Kane wins face-off versus Elias Lindholm in Philadelphia Flyers zone.
7:03 of 3rd period - Wrist shot by Robert Thomas.
7:03 of 3rd period - Stopped by Jake Allen with a rebound.
7:45 of 3rd period - Bryan Rust is hit by Evander Kane and loses puck.
8:51 of 3rd period - Penalty to Vladimir Tarasenko is over, Vladimir Tarasenko is back on ice.
8:58 of 3rd period - Minor Penalty to Yanni Gourde for Interference.
8:59 of 3rd period - Andrew Copp wins face-off versus Auston Matthews in St.Louis Blues zone.
9:39 of 3rd period - Icing by Matt Duchene.
9:40 of 3rd period - Nico Sturm wins face-off versus Auston Matthews in Philadelphia Flyers zone.
9:57 of 3rd period - Slapshot by Justin Faulk.
9:57 of 3rd period - Shot Blocked by Robert Thomas.
10:19 of 3rd period - Jonas Brodin is hit by Matt Duchene and loses puck.
10:48 of 3rd period - Slapshot by Matt Duchene.
10:48 of 3rd period - Shot Blocked by Robert Thomas.
10:58 of 3rd period - Penalty to Yanni Gourde is over, Yanni Gourde is back on ice.
10:58 of 3rd period - Backhand shot by Justin Faulk.
10:58 of 3rd period - Stopped by Connor Hellebuyck with a rebound.
11:12 of 3rd period - Snap shot by Yanni Gourde.
11:12 of 3rd period - Deflect By Nico Sturm.
11:12 of 3rd period - Shot Misses the Net.
11:12 of 3rd period - Puck is out of play.
11:13 of 3rd period - Charles Hudon wins face-off versus Elias Pettersson in Philadelphia Flyers zone.
11:22 of 3rd period - Snap shot by Bryan Rust.
11:22 of 3rd period - Stopped by Connor Hellebuyck without a rebound.
11:23 of 3rd period - Elias Pettersson wins face-off versus Charles Hudon in St.Louis Blues zone.
11:50 of 3rd period - Snap shot by Jesper Fast.
11:50 of 3rd period - Shot Blocked by Mikhail Sergachev.
11:52 of 3rd period - Wrist shot by Charles Hudon.
11:52 of 3rd period - Stopped by Connor Hellebuyck without a rebound.
11:53 of 3rd period - Charles Hudon wins face-off versus Jack Eichel in St.Louis Blues zone.
12:06 of 3rd period - Elias Lindholm is hit by Robert Thomas and loses puck.
12:28 of 3rd period - Snap shot by Jack Eichel.
12:28 of 3rd period - Stopped by Jake Allen with a rebound.
12:30 of 3rd period - Slapshot by Jake Sanderson.
12:30 of 3rd period - Shot Blocked by Jack McBain.
12:32 of 3rd period - Snap shot by Jake Guentzel.
12:32 of 3rd period - Deflect By Mark Stone.
12:32 of 3rd period - Stopped by Jake Allen with a rebound.
12:50 of 3rd period - Snap shot by Mikhail Sergachev.
12:50 of 3rd period - Shot Blocked by Jack McBain.
12:52 of 3rd period - Snap shot by Yanni Gourde.
12:52 of 3rd period - Stopped by Jake Allen with a rebound.
12:54 of 3rd period - Snap shot by Nico Sturm.
12:54 of 3rd period - Stopped by Jake Allen without a rebound.
12:55 of 3rd period - Charles Hudon wins face-off versus Nico Sturm in Philadelphia Flyers zone.
12:55 of 3rd period - Charles Hudon is hit by Adam Pelech.
13:35 of 3rd period - Snap shot by Max Pacioretty.
13:35 of 3rd period - Stopped by Connor Hellebuyck without a rebound.
13:36 of 3rd period - Jack Eichel wins face-off versus Juuso Parssinen in St.Louis Blues zone.
13:47 of 3rd period - Slapshot by Juuso Parssinen.
13:47 of 3rd period - Stopped by Connor Hellebuyck without a rebound.
13:48 of 3rd period - Elias Lindholm wins face-off versus Elias Pettersson in St.Louis Blues zone.
13:51 of 3rd period - Snap shot by Elias Lindholm.
13:51 of 3rd period - Shot Misses the Net.
14:52 of 3rd period - Snap shot by Vladimir Tarasenko.
14:52 of 3rd period - Shot Misses the Net.
15:22 of 3rd period - Jonas Brodin is hit by Artem Zub and loses puck.
15:49 of 3rd period - Backhand shot by Vladimir Tarasenko.
15:49 of 3rd period - Goal by Vladimir Tarasenko - St.Louis Blues : 4 - Philadelphia Flyers : 4.
15:50 of 3rd period - Robert Thomas wins face-off versus Juuso Parssinen in neutral zone.
15:50 of 3rd period - Lawson Crouse is hit by Ben Chiarot and loses puck.
16:36 of 3rd period - Slapshot by Alex Pietrangelo.
16:36 of 3rd period - Stopped by Jake Allen with a rebound.
16:38 of 3rd period - Slapshot by Jack Eichel.
16:38 of 3rd period - Stopped by Jake Allen with a rebound.
16:40 of 3rd period - Slapshot by Jonas Brodin.
16:40 of 3rd period - Deflect By Mark Stone.
16:40 of 3rd period - Shot Hit the Post.
16:40 of 3rd period - Puck is out of play.
16:41 of 3rd period - Jake Guentzel wins face-off versus Juuso Parssinen in Philadelphia Flyers zone.
16:58 of 3rd period - Wrist shot by Jack Eichel.
16:58 of 3rd period - Goal by Jack Eichel - St.Louis Blues : 5 - Philadelphia Flyers : 4.
16:59 of 3rd period - Robert Thomas wins face-off versus Juuso Parssinen in neutral zone.
17:02 of 3rd period - Slapshot by Alex Pietrangelo.
17:02 of 3rd period - Shot Blocked by Ben Chiarot.
17:12 of 3rd period - Slapshot by Juuso Parssinen.
17:12 of 3rd period - Shot Blocked by Alex Pietrangelo.
17:14 of 3rd period - Slapshot by Ben Chiarot.
17:14 of 3rd period - Stopped by Connor Hellebuyck with a rebound.
17:24 of 3rd period - Nathan Bastian is hit by Alex Tuch and loses puck.
18:05 of 3rd period - Philadelphia Flyers, Jake Allen is pulled from the net.
18:13 of 3rd period - Slapshot by Bryan Rust.
18:13 of 3rd period - Deflect By Jesper Fast.
18:13 of 3rd period - Stopped by Connor Hellebuyck without a rebound.
18:14 of 3rd period - Robert Thomas wins face-off versus Juuso Parssinen in St.Louis Blues zone.
18:14 of 3rd period - Robert Thomas is hit by Jack McBain.
18:22 of 3rd period - Snap shot by Alex Pietrangelo.
18:22 of 3rd period - Goal by Alex Pietrangelo - St.Louis Blues : 6 - Philadelphia Flyers : 4.
18:22 of 3rd period - Jake Allen from Philadelphia Flyers was sent back in the game.
18:23 of 3rd period - Robert Thomas wins face-off versus Juuso Parssinen in neutral zone.
18:36 of 3rd period - Snap shot by Robert Thomas.
18:36 of 3rd period - Shot Misses the Net.
18:38 of 3rd period - Minor Penalty to Max Pacioretty for Holding Stick.
18:39 of 3rd period - Elias Lindholm wins face-off versus Robert Thomas in Philadelphia Flyers zone.
Goals for this period are 2 for St.Louis Blues vs 1 for Philadelphia Flyers.
Shots for this period are 12 for St.Louis Blues vs 10 for Philadelphia Flyers.
Back to the Top